 Dungeon Crawl Stone Soup version 0.28.0-53-g5a82cb258f (webtiles) character file.

Game seed: 1300910012564096703

46 jjjjhere the Ruffian (level 3, -2/32 (36) HPs)
             Began as a Troll Delver on July 9, 2022.
             Slain by a wight
             ... wielding a +3 war axe of freezing
              (4 damage)
             ... on level 4 of the Dungeon.
             The game lasted 00:01:18 (163 turns).

jjjjhere the Ruffian (Troll Delver)                  Turns: 163, Time: 00:01:19

HP:   -2/32 (36)    AC:  4    Str: 22    XL:     3   Next: 44%
MP:   2/2           EV:  6    Int:  6    God:
Gold: 37            SH: 10    Dex: 11    Spells: 2/2 levels left

rFire   . . .      SeeInvis .     - Unarmed
rCold   . . .      Faith    .   g - +0 tower shield
rNeg    . . .      Spirit   .   a - +0 robe
rPois   .          Reflect  .   (helmet restricted)
rElec   .          Harm     .   (no cloak)
rCorr   .          Rampage  .   (gloves unavailable)
Will    .....                   (boots unavailable)
Stlth   ++........              (no amulet)
HPRegen 0.90/turn               (no ring)
MPRegen 0.08/turn               (no ring)

@: heavily drained
A: large, unfitting armour, claws 3, regeneration 1, shaggy fur 1, tough skin 1
a: no special abilities


You were on level 4 of the Dungeon.
You visited 1 branch of the dungeon, and saw 2 of its levels.

You collected 37 gold pieces.

Inventory:

Armour
 a - a +0 robe (worn)
 g - a +0 tower shield (worn)
Wands
 f - a wand of digging (3)
Scrolls
 b - a scroll of fog
 c - a scroll of magic mapping
 d - a scroll of fear
 h - a scroll of enchant weapon {unknown}
Potions
 e - a potion of haste


   Skills:
 - Level 2.4 Fighting
 - Level 1.5 Dodging
 - Level 2.7 Stealth
 + Level 1.2 Shields
 * Level 3.4 Unarmed Combat


You had 2 spell levels left.
You didn't know any spells.
Your spell library was empty.

Dungeon Overview and Level Annotations

Branches:
Dungeon (5/15)
 Temple: D:4-7

Altars:


Innate Abilities, Weirdness & Mutations

You are too large for most types of armour.
You have claws for hands.
Your natural rate of healing is unusually fast.
You are covered in fur. (AC +1)
You have tough skin. (AC +1)


Message History

The wight is severely damaged.
The wight barely misses you.
You barely miss the wight.
The wight is severely damaged.
You block the wight's attack.
You barely miss the wight.
The wight is severely damaged.
You block the wight's attack. The wight barely misses you.
You scratch the wight.
The wight is almost destroyed.
You block the wight's attack.
You scratch the wight.
You destroy the wight!
Your life force feels restored.
Your Shields skill increases to level 1!
Your Unarmed Combat skill increases to level 3!
You have reached level 2!
You have reached level 3!
Your experience leads to an increase in your attributes!
Increase (S)trength, (I)ntelligence, or (D)exterity?
You feel stronger. x3
You open the large door.
There is a large open door here.
There is a large open door here.
Found 19 gold pieces.
You now have 37 gold pieces (gained 19).
A wight comes into view. It is wielding a +4 scimitar.
A wight is nearby!
You closely miss the wight. You block the wight's attack.
The wight hits you with a +4 scimitar!
You feel drained.
You completely miss the wight. The wight hits you with a +4 scimitar!
* * * LOW HITPOINT WARNING * * *
You feel drained.
* * * LOW HITPOINT WARNING * * *
A wight comes into view.
It is wielding a +3 war axe of freezing.
The wight closely misses you.
The wight hits you with a +3 war axe of freezing!
* * * LOW HITPOINT WARNING * * *
The wight freezes you.
You die...

#... #...
##'##############
#........##...>.#
##........##....)#
#.........''.....'
#.........##..†..#
#.........########
#@z.......#
#z#####'###
#.#####.# #.#.. ..#
#.#.##############
#.#...............
##.################
#..........
###########


You could see 2 wights.

Vanquished Creatures
  A wight (D:4)
  A dart slug (D:4)
2 creatures vanquished.

Notes
Turn   | Place    | Note
-------+----------+-------------------------------------------
     0 | D:5      | jjjjhere the Troll Delver began the quest for the Orb.
     0 | D:5      | Reached XP level 1. HP: 22/22 MP: 0/0
     1 | D:5      | Noticed a lemure
    91 | D:4      | Noticed a wight
   131 | D:4      | Killed a wight
   132 | D:4      | Reached skill level 1 in Shields
   132 | D:4      | Reached skill level 3 in Unarmed Combat
   132 | D:4      | Reached XP level 2. HP: 28/29 MP: 1/1
   132 | D:4      | Reached XP level 3. HP: 35/36 MP: 2/2
   156 | D:4      | HP: 7/34 [wight/+4 scimitar (14)]
   163 | D:4      | HP: 2/32 [wight/+3 war axe of freezing (10)]
   163 | D:4      | Slain by a wight

Illustrated notes

Levels and vault maps discovered:
D:4:      layout_basic, nicolae_wu_jian_wuxing_cycle,
          nicolae_qazlal_eye_of_the_storm
D:5:      layout_rooms, nicolae_shop_clearance, uniq_pikel

Skill      XL: |  1 |
---------------+----+-----
Shields        | 1 |  1.2
Unarmed Combat | 3 |  3.4
Fighting       | |  2.4
Dodging        | |  1.5
Stealth        | |  2.7

Action                   || total
-------------------------++-------
Melee: Unarmed           ||    17
 Stab: Sleeping          ||     1
Armor: Robe              ||     1
Dodge: Dodged            ||     7
Block: Tower shield      ||     7
